 Dungeon Crawl Stone Soup version 0.31.0-11-ge490571c62 (webtiles) character file.

Game seed: 11555208047044459077

17607 night the Grappler (level 12, 0/104 (120) HPs)
             Began as a Troll Fighter on Jan 27, 2024.
             Was a Priest of Nemelex Xobeh.
             Killed from afar by a laughing skull (8 damage)
             ... with a bolt of negative energy
             ... on level 11 of the Dungeon.
             The game lasted 00:18:27 (9600 turns).

night the Grappler (Troll Fighter)                  Turns: 9600, Time: 00:18:28

HP:   0/104 (120)   AC:  8    Str: 37    XL:     12   Next: 20%
MP:   16/16         EV:  9    Int:  4    God:    Nemelex Xobeh [***...]
Gold: 889           SH: 11    Dex:  9    Spells: 11/11 levels left

rFire   . .          .
                       - Unarmed
rCold   + . .        b - +1 kite shield
rNeg    . . .        E - +0 troll leather armour
rPois   +            p - +2 hat of the Realm of Zot {rPois rC+}
rElec   .            D - +0 cloak
rCorr   .            (gloves unavailable)
SInv    .            (boots unavailable)
Will    .....        u - amulet of the acrobat
Stlth   +            f - ring of flight
HPRegen 1.97/turn    k - +6 ring of strength
MPRegen 0.15/turn

%: acrobat
@: flying, heavily drained
A: large, unfitting armour, claws 3, regeneration 1, shaggy fur 1, tough skin 1
a: Renounce Religion, Draw Escape, Draw Destruction, Draw Summoning, Triple Draw


You were on level 11 of the Dungeon.
You worshipped Nemelex Xobeh.
Nemelex Xobeh was most pleased with you.
You visited 2 branches of the dungeon, and saw 12 of its levels.

You collected 889 gold pieces.

Inventory:

Missiles
 d - 3 javelins (quivered)
 e - 41 poisoned darts
 g - 140 stones
 q - 12 curare-tipped darts
 r - 12 boomerangs
 y - 10 large rocks
 J - 5 atropa-tipped darts
Armour
 a - a +0 robe of positive energy
 b - a +1 kite shield (worn)
 p - the +2 hat of the Realm of Zot (worn) {rPois rC+}
   (You acquired it on level 3 of the Dungeon)

   rC+:       It protects you from cold.
   rPois:     It protects you from poison
 D - a +0 cloak (worn)
 E - a +0 troll leather armour (worn)
Jewellery
 f - a ring of flight (left claw)
 k - a +6 ring of strength (right claw)
 u - an amulet of the acrobat (around neck)
 N - a +4 ring of protection
Wands
 n - a wand of iceblast (8)
 z - a wand of charming (9)
 G - a wand of digging (6)
Scrolls
 i - 2 scrolls of teleportation
 m - 2 scrolls of enchant armour
 o - a scroll of butterflies
 t - 2 scrolls of fog
 x - 2 scrolls of fear
 A - a scroll of enchant weapon
 H - a scroll of blinking
 I - a scroll of revelation
 K - a scroll of torment
 L - 2 scrolls of identify
Potions
 c - 4 potions of might
 h - 2 potions of attraction
 j - 13 potions of curing
 l - a potion of cancellation
 s - 3 potions of heal wounds
 v - 7 potions of lignification
 w - 3 potions of haste
 B - a potion of berserk rage
 C - 3 potions of mutation
 F - 2 potions of resistance {unknown}
 M - 2 potions of magic {unknown}
 O - a potion of ambrosia {unknown}


   Skills:
 + Level 8.2 Fighting
 - Level 2.4 Dodging
 + Level 9.1 Shields
 * Level 13.2 Unarmed Combat
 + Level 7.3 Invocations


You had 11 spell levels left.
You didn't know any spells.
Your spell library contained the following spells:

 Spells                   Type           Power      Damage    Failure   Level
 Magic Dart               Conj           0%         1d3       67%         1
 Blink                    Tloc           0%         N/A       82%         2
 Lesser Beckoning         Tloc           0%         N/A       82%         2
 Momentum Strike          Conj/Tloc      0%         3d8       82%         2
 Searing Ray              Conj           0%         2d4       82%         2
 Call Canine Familiar     Summ           0%         N/A       96%         3
 Fugue of the Fallen      Necr           0%         N/A       96%         3
 Ozocubu's Armour         Ice            0%         N/A       96%         3
 Sigil of Binding         Hex            0%         N/A       96%         3
 Dimensional Bullseye     Hex/Tloc       0%         N/A       100%        4
 Fulminant Prism          Conj/Alch      0%         3d5       100%        4
 Manifold Assault         Tloc           0%         N/A       100%        4


Dungeon Overview and Level Annotations

Branches:
Dungeon (11/15)            Temple (1/1) D:5            Lair (0/5) D:8
    Orc (0/2) D:10

Altars:
Ashenzari
Cheibriados
Dithmenos
Elyvilon
Fedhas
Gozag
Hepliaklqana
Kikubaaqudgha
Makhleb
Nemelex Xobeh
Okawaru
Qazlal
Ru
Sif Muna
Trog
Uskayaw
Vehumet
Wu Jian
Xom
Yredelemnul
Zin
The Shining One

Shops:
D:8 (*:

Annotations:
D:4 3 runed translucent doors, Arcadio's ghost, weakling TrDe; NitroKuite's ghost, amateur MiFi; sanka's ghost, amateur TrMo


Innate Abilities, Weirdness & Mutations

You are too large for most types of armour.
You have claws for hands.
Your natural rate of healing is unusually fast.
You are covered in fur. (AC +1)
You have tough skin. (AC +1)


Message History

You mangle the red ugly thing!!
The red ugly thing is almost dead.
You hear a hideous shriek!
A laughing skull comes into view.
The red ugly thing gores you but does no damage.
You eviscerate the red ugly thing!!!
You kill the red ugly thing!
You closely miss the laughing skull.
The laughing skull cackles spitefully.
The bolt of negative energy hits the laughing skull.
The laughing skull completely resists.
The bolt of negative energy hits you!!
You feel drained.
You closely miss the laughing skull. The laughing skull headbutts you!
You closely miss the laughing skull. You block the laughing skull's attack.
You scratch the laughing skull.
The laughing skull is moderately damaged.
The laughing skull headbutts you. You block the laughing skull's attack.
The laughing skull headbutts you!
You mangle the laughing skull!!
You destroy the laughing skull!
The laughing skull headbutts you!
You are too injured to fight recklessly!
You are too injured to fight recklessly!
You are too injured to fight recklessly!
You are too injured to fight recklessly!
You barely miss the laughing skull. The laughing skull closely misses you.
You barely miss the laughing skull.
The laughing skull cackles spitefully.
The bolt of negative energy hits you!
You feel drained.
* * * LOW HITPOINT WARNING * * *
You mangle the laughing skull!!
The laughing skull is severely damaged.
The laughing skull gibbers with scorn.
The bolt of negative energy hits you!!
You feel drained.
* * * LOW HITPOINT WARNING * * *
The laughing skull cackles spitefully.
The bolt of negative energy hits you!
You feel drained.
You die...
The laughing skull crumbles to pieces from sheer joy.
Your body glows slightly and disappears.

........#
........# ...
........# ...
........# #.$
........# #.###
........## ....
####.##..## #..
#<.##..#####.#
##z#
##.)##.#.....#
#.@# #....[.#####
#.## #.####.##
#.####... #.# #..#
#####........ .
##.###.....#####..
. #.....##.##
####..##.######.
#............
##..#.######.


You could see a laughing skull.

Vanquished Creatures
  A boulder beetle (D:8)
  3 two-headed ogres
  Pikel (D:5)
  3 ugly things
  2 cyclopes
  A cane toad (shapeshifter) (D:8)
  2 kobold demonologists
  3 unseen horrors
  A polar bear (shapeshifter) (D:8)
  A troll (D:9)
  A hornet (D:8)
  Sigmund (D:2)
  Grum (D:9)
  10 yaks
  2 wraiths
  5 humans (D:9)
  4 steam dragons (D:8)
  3 vampire mosquitoes (D:8)
  3 water moccasins
  7 orc warriors
  An ice beast (D:8)
  6 black bears
  2 ogres
  A laughing skull (D:11)
  2 wolves (D:9)
  4 lemures (D:5)
  7 kobold brigands
  7 phantoms
  6 scorpions
  8 bullfrogs
  5 wights
  23 killer bees
  10 howler monkeys
  4 centaur zombies (D:7)
  A bombardier beetle (D:4)
  2 hounds
  11 orc priests
  3 jellies (D:5)
  An iguana (D:6)
  5 sleepcaps
  Jessica (D:3)
  9 scorpion zombies (D:7)
  Terence (D:1)
  9 orc wizards
  3 killer bee zombies (D:7)
  6 adders
  5 gnolls
  5 shadow imps (D:7)
  2 white imps
  3 ufetubi
  A ribbon worm (D:2)
  2 dart slugs
  35 orcs
  5 ball pythons
  3 bats
  4 endoplasms
  3 giant cockroaches
  7 goblins
  3 hobgoblins
  8 jackals
  5 quokkas
  4 frilled lizards
  33 kobolds
  5 rats
326 creatures vanquished.

Vanquished Creatures (others)
  An orc wizard (D:3)
  A kobold (D:8)
2 creatures vanquished.

Grand Total: 328 creatures vanquished

Notes
Turn   | Place    | Note
-------+----------+-------------------------------------------
     0 | D:1      | night the Troll Fighter began the quest for the Orb.
     0 | D:1      | Reached XP level 1. HP: 22/22 MP: 0/0
   143 | D:1      | Reached XP level 2. HP: 28/29 MP: 1/1
   571 | D:2      | Noticed Sigmund
   572 | D:2      | Noticed Terence
   585 | D:1      | HP: 3/29 [Terence/+0 mace (10)]
   588 | D:1      | Killed Terence
   589 | D:1      | Reached skill level 3 in Unarmed Combat
   589 | D:1      | Reached XP level 3. HP: 4/36 MP: 2/2
   629 | D:2      | Killed Sigmund
   630 | D:2      | Reached skill level 4 in Unarmed Combat
   630 | D:2      | Reached XP level 4. HP: 42/45 MP: 3/3
   630 | D:2      | Reached XP level 5. HP: 50/53 MP: 4/4
  1038 | D:2      | Found a faded altar of an unknown god.
  1255 | D:3      | Reached XP level 6. HP: 35/61 MP: 5/5
  1398 | D:3      | Reached skill level 5 in Unarmed Combat
  1448 | D:3      | Identified a scroll of acquirement
  1448 | D:3      | Acquired the +2 hat of the Realm of Zot {rPois rC+}
  1457 | D:3      | Noticed Jessica
  1465 | D:3      | Killed Jessica
  1895 | D:4      | Found an ancient bone altar of Kikubaaqudgha.
  2425 | D:4      | Found a runed translucent gate.
  2425 | D:4      | Found a runed translucent gate.
  2425 | D:4      | Found a runed translucent gate.
  2500 | D:4      | Noticed Arcadio's ghost (weakling TrDe)
  2500 | D:4      | Noticed NitroKuite's ghost (amateur MiFi)
  2500 | D:4      | Noticed sanka's ghost (amateur TrMo)
  3044 | D:5      | Entered Level 5 of the Dungeon
  3044 | D:5      | Noticed Pikel
  3084 | D:5      | Killed Pikel
  3085 | D:5      | Reached skill level 6 in Unarmed Combat
  3085 | D:5      | Reached XP level 7. HP: 71/71 MP: 6/6
  3224 | D:5      | Reached skill level 5 in Shields
  3224 | D:5      | Reached XP level 8. HP: 74/79 MP: 7/7
  3274 | D:5      | Reached skill level 7 in Unarmed Combat
  3334 | D:5      | Found a sparkling altar of Nemelex Xobeh.
  3338 | D:5      | Became a worshipper of Nemelex Xobeh the Trickster
  3364 | D:5      | Found a staircase to the Ecumenical Temple.
  3373 | Temple   | Entered the Ecumenical Temple
  3776 | D:6      | Reached skill level 1 in Invocations
  4027 | D:6      | Reached skill level 5 in Fighting
  4066 | D:6      | Reached skill level 2 in Invocations
  4108 | D:6      | Reached skill level 8 in Unarmed Combat
  4546 | D:6      | Reached XP level 9. HP: 88/88 MP: 9/9
  4928 | D:7      | Reached * piety under Nemelex Xobeh
  4951 | D:7      | Received a gift from Nemelex Xobeh
  4993 | D:7      | Reached skill level 9 in Unarmed Combat
  5362 | D:7      | Noticed a cyclops
  5369 | D:7      | Killed a cyclops
  5370 | D:7      | Reached XP level 10. HP: 96/98 MP: 12/12
  5588 | D:7      | Reached skill level 10 in Unarmed Combat
  5698 | D:7      | Received a gift from Nemelex Xobeh
  5713 | D:7      | Reached ** piety under Nemelex Xobeh
  6504 | D:8      | Found Illeomn's Weapon Boutique.
  6653 | D:8      | Found Ossees's Assorted Antiques.
  6725 | D:8      | Reached skill level 5 in Invocations
  6784 | D:8      | Found a staircase to the Lair.
  6874 | D:8      | Found Loofualipn's Book Emporium.
  6973 | D:8      | Noticed a two-headed ogre
  6979 | D:8      | Killed a two-headed ogre
  6980 | D:8      | Reached skill level 11 in Unarmed Combat
  7176 | D:8      | You are sucked into a shaft and drop 2 floors!
  7176 | D:10     | Entered Level 10 of the Dungeon
  7196 | D:10     | Reached XP level 11. HP: 100/109 MP: 14/14
  7228 | D:9      | Noticed a sun demon
  7560 | D:8      | Received a gift from Nemelex Xobeh
  7735 | D:8      | Identified the +8 scimitar "Dulocwoo" {heavy, rN+ Dex+4}
  7811 | D:8      | Noticed a brown ugly thing
  7821 | D:8      | Killed a brown ugly thing
  7877 | D:8      | Reached skill level 12 in Unarmed Combat
  8260 | D:8      | Noticed a green ugly thing
  8277 | D:8      | Killed a green ugly thing
  8332 | D:8      | Noticed a boulder beetle
  8349 | D:8      | Killed a boulder beetle
  8414 | D:9      | Found a bloodstained altar of Trog.
  8424 | D:9      | Found a shadowy altar of Dithmenos.
  8431 | D:9      | Noticed Grum
  8449 | D:9      | Killed Grum
  8594 | D:9      | Identified the +1 leather armour "Kehasunu" {rPois Will+
                  | rCorr}
  8708 | D:9      | Reached *** piety under Nemelex Xobeh
  9002 | D:10     | Received a gift from Nemelex Xobeh
  9061 | D:10     | Noticed a two-headed ogre
  9073 | D:10     | Killed a two-headed ogre
  9102 | D:10     | Noticed a two-headed ogre
  9126 | D:10     | Reached XP level 12. HP: 119/119 MP: 16/16
  9133 | D:10     | Reached skill level 13 in Unarmed Combat
  9155 | D:10     | Killed a two-headed ogre
  9233 | D:10     | Found a burning altar of Makhleb.
  9233 | D:10     | Noticed a balrug
  9390 | D:10     | Found a staircase to the Orcish Mines.
  9453 | D:10     | Received a gift from Nemelex Xobeh
  9600 | D:11     | HP: 8/106 [laughing skull/bolt of negative energy (20)]
  9600 | D:11     | Killed from afar by a laughing skull

Illustrated notes

Levels and vault maps discovered:
D:1:      lordsloth_arrival_two_stooges, layout_basic
D:2:      layout_loops_ring, hellmonk_ecumenical_altar_leap_of_faith,
          roderic_three_in_a_row, uniq_sigmund, uniq_terence
D:3:      layout_basic, uniq_jessica
D:4:      layout_layer_cave, kiku_gazebo_garden_becter, gammafunk_ghost_cemetery
D:5:      layout_loops_ring, nemelex_dance_club_becter,
          minmay_temple_entry_junction, uniq_pikel
D:6:      layout_basic
D:7:      bobbens_index_wilting_gardens, layout_layer_cave
D:8:      nzn_winding_woodlands_large [nzn_winding_woodlands_5x5_three,
          nzn_winding_woodlands_5x15_pathside_ponds,
          nzn_winding_woodlands_5x5_open_star,
          nzn_winding_woodlands_center_garden,
          nzn_winding_woodlands_15x15_thick_spiral,
          nzn_winding_woodlands_center_lodge,
          nzn_winding_woodlands_5x5_closed_star, nzn_winding_woodlands_5x15_eye,
          nzn_winding_woodlands_5x5_checkerboard], layout_basic,
          lair_entry_dummy, serial_shops, shop_statue, nicolae_shop_peninsula,
          nicolae_shop_tiny_glass
D:9:      layout_cave_pools, mainiacjoe_overflow_catwalk_spiral,
          minmay_ruffians, uniq_grum
D:10:     layout_basic, makhleb_altar_promises_db, orc_0_dummy
D:11:     layout_rooms
Temple:   minmay_crystal_spiral_temple

Skill      XL: |  1  2  3  4  5  6  7  8  9 10 11 12 |
---------------+-------------------------------------+-----
Shields        | 3 4 5 6 7 8 9 |  9.1
Unarmed Combat | 3 4 6 8 9 11 12 13 | 13.2
Fighting       | 3 4 5 6 7 8 |  8.2
Invocations    | 2 4 5 7 |  7.3
Dodging        | |  2.4

Action                     |  1- 3 |  4- 6 |  7- 9 | 10-12 || total
---------------------------+-------+-------+-------+-------++-------
  Melee: Unarmed           |    45 |   175 |   236 |   534 ||   990
    Use: Scroll            |     1 |     6 |     8 |     6 ||    21
 Armour: Robe              |    31 |    84 |   109 |   154 ||   378
         Steam dragon scal |       |       |       |   119 ||   119
         Troll leather arm |       |       |       |    79 ||    79
  Dodge: Dodged            |    20 |    36 |    97 |   202 ||   355
  Block: Kite shield       |    18 |    54 |   105 |   276 ||   453
